 Dungeon Crawl Stone Soup version 0.31-a0-662-g684573625c (webtiles) character file.

Game seed: 3803251162775322232

2606 javelincjr the Conjurer (level 9, -3/59 HPs)
             Began as a Demonspawn Conjurer on Aug 30, 2023.
             Was a Follower of Vehumet.
             Slain by a hornet (13 damage)
             ... on level 8 of the Dungeon on Aug 31, 2023.
             The game lasted 00:24:48 (7225 turns).

javelincjr the Conjurer (Demonspawn Conjurer)       Turns: 7225, Time: 00:24:48

Health: -3/59      AC:  4    Str: 14    XL:     9   Next: 33%
Magic:  21/26      EV: 15    Int: 24    God:    Vehumet [*.....]
Gold:   69         SH:  4    Dex: 18    Spells: 15/19 levels left

rFire   . . .        w - +1 dagger (drain)
rCold   . . .        G - orb {*channel}
rNeg    . . .        a - +0 robe
rPois   +            (no helmet)
rElec   .            I - +1 cloak of the Hot Ocelot {Rampage rPois Dex+3 SInv}
rCorr   .            (no gloves)
SInv    +            (no boots)
Will    .....        (no amulet)
Stlth   +++++        i - ring of magical power
HPRegen 0.29/turn    A - +6 ring of strength
MPRegen 0.20/turn

%: rampage, channel magic (20%)
@: no status effects
A: thin skeletal structure 2, demonic guardian 1, condensation shield, demonic
touch 1
a: Renounce Religion


You were on level 8 of the Dungeon.
You worshipped Vehumet.
Vehumet was aware of your devotion.
You visited 1 branch of the dungeon, and saw 8 of its levels.

You collected 411 gold pieces.
You spent 342 gold pieces at shops.

Inventory:

Hand Weapons
 h - a +0 dagger
 u - a +1 hand axe of flaming
 w - a +1 dagger of draining (weapon)
 F - a +2 trident of draining
Armour
 a - a +0 robe (worn)
 y - a +2 scale mail of willpower
 G - an orb of energy (worn)
 I - the +1 cloak of the Hot Ocelot (worn) {Rampage rPois Dex+3 SInv}
   (You bought it in a shop on level 8 of the Dungeon)

   Dex+3:     It affects your dexterity (+3).
   rPois:     It protects you from poison SInv: It lets you see invisible.
   Rampage:   It bestows one free step when moving towards enemies.
Magical Staves
 q - a staff of fire
Jewellery
 i - a ring of magical power (left hand)
 p - a ring of ice
 A - a +6 ring of strength (right hand)
Wands
 s - a wand of roots (25)
 E - a wand of charming (11)
Scrolls
 d - 3 scrolls of teleportation
 f - a scroll of identify
 g - a scroll of immolation
 j - a scroll of enchant weapon
 k - 2 scrolls of noise
 l - 2 scrolls of blinking
 o - a scroll of amnesia {unknown}
 t - 3 scrolls of fog {unknown}
 x - a scroll of poison {unknown}
 B - a scroll of summoning {unknown}
 D - a scroll of vulnerability {unknown}
 H - a scroll of fear {unknown}
Potions
 b - a potion of magic
 c - 3 potions of brilliance
 e - a potion of ambrosia
 m - a potion of enlightenment {unknown}
 n - a potion of attraction {unknown}
 r - a potion of heal wounds {unknown}
 v - 4 potions of haste
 z - a potion of cancellation {unknown}
 C - 2 potions of mutation {unknown}


   Skills:
 + Level 1.5 Fighting
 + Level 5.7 Dodging
 + Level 6.1 Stealth
 + Level 5.7 Spellcasting
 + Level 7.1 Conjurations
 + Level 3.1 Fire Magic
 + Level 1.5 Evocations


You had 15 spell levels left.
You knew the following spells:

 Your Spells              Type           Power      Damage    Failure   Level
a - Magic Dart            Conj           100%       1d8       3%          1
b - Searing Ray           Conj           82%        2d7       4%          2
c - Foxfire               Conj/Fire      100%       2x1d9     5%          1

Your spell library contained the following spells:

 Spells                   Type           Power      Damage    Failure   Level
 Dazzling Flash           Conj/Hex       48%        N/A       16%         3
 Necrotise                Necr           24%        1d5       22%         1
 Sublimation of Blood     Necr           6%         N/A       28%         2
 Wereblood                Tmut           6%         N/A       28%         2
 Fulminant Prism          Conj/Hex       12%        3d9       38%         4
 Iskenderun's Mystic Bla  Conj/Tloc      24%        2d7       38%         4
 Vampiric Draining        Necr           6%         2d6       45%         3
 Agony                    Necr           6%         N/A       98%         5
 Summon Hydra             Summ           3%         N/A       100%        7


Dungeon Overview and Level Annotations

Branches:
Dungeon (8/15)             Temple (0/1) D:6
   Lair: D:8-11

Altars:
Ashenzari
Ru
Uskayaw
Vehumet

Shops:
D:8 [


Innate Abilities, Weirdness & Mutations

You have a moderately thin skeletal structure. (Dex +4, Stealth++)
A weak demonic guardian rushes to your aid.
A meltable shield of frost defends you. (SH +4)
Your touch may inflict minor irresistible damage on your foes.


Message History

Beogh smites you!
You conjure some foxfire!
The foxfire hits the orc.
The orc is almost dead.
The foxfire hits the orc.
You kill the orc!
Vehumet accepts your kill.
You conjure some foxfire!
The foxfire hits the orc priest!
You kill the orc priest!
Vehumet accepts your kill.
You feel your power returning.
The foxfire hits the hornet but does no damage.
The hornet is moderately wounded.
You conjure some foxfire!
The foxfire hits the hornet but does no damage.
The hornet is moderately wounded.
The foxfire hits the hornet.
The hornet is heavily wounded.
The hornet stings you!
A centaur comes into view.
Your foxfire dissipates!
The foxfire hits the hornet.
The hornet is heavily wounded.
The centaur wields a +0 shortbow.
The centaur shoots an arrow.
The arrow barely misses you. You block the hornet's attack.
The hornet completely misses you.
The orc wizard casts a spell.
The orc wizard flickers and vanishes for a moment.
The hornet misses you.
The orc priest invokes the aid of Beogh against you.
Beogh smites you!
* * * LOW HITPOINT WARNING * * *
A demonic guardian appears!
You block the hornet's attack.
The orc wizard hits your iron imp but does no damage.
The hornet stings you but does no damage.
The centaur shoots an arrow.
The arrow barely misses you.
The centaur shoots an arrow.
The arrow hits you!
* * * LOW HITPOINT WARNING * * *
The hornet stings you!
You die...

## #. #. ##. #+# #.## [..
....##..## ####.#
........<.########....##.
..................∩......
...####.....<.........^.
.#.###.@.....##)........ ..
#....y##.#.)..)##.#..##
...##.....##...)..))....##
#....#.c#5##..(..#.)....#
#..#.#..#....######.....#
........#............#..##.
...............#..##.#..#>.
.................## .. ###.
.................# #.# ##8


You could see a hornet (ally target), a centaur and a friendly iron imp
(summoned).

Vanquished Creatures
  Jeremiah (D:6)
  Sigmund (D:3)
  An ice beast (D:7)
  A black bear (D:6)
  3 sky beasts
  3 ogres
  A phantom (D:5)
  2 centaurs (D:7)
  A kobold brigand (D:8)
  5 bullfrogs
  4 scorpions
  A howler monkey (D:7)
  A hound (D:5)
  2 jellies (D:5)
  2 gnoll boudas (D:5)
  An orc priest (D:8)
  An iguana (D:5)
  An orc wizard (D:6)
  13 gnolls
  5 adders
  A shadow imp (D:6)
  A white imp (D:6)
  An ufetubus (D:5)
  3 worms
  3 dart slugs
  15 orcs
  13 endoplasms
  6 giant cockroaches
  2 goblins
  12 hobgoblins
  9 jackals
  A quokka (D:2)
  5 ball pythons
  5 bats
  5 frilled lizards
  9 kobolds
  4 rats
145 creatures vanquished.

Vanquished Creatures (others)
  276 foxfires
276 creatures vanquished.

Grand Total: 421 creatures vanquished

Notes
Turn   | Place    | Note
-------+----------+-------------------------------------------
     0 | D:1      | javelincjr the Demonspawn Conjurer began the quest for the
                  | Orb.
     0 | D:1      | Reached XP level 1. HP: 13/13 MP: 3/3
   314 | D:1      | Gained mutation: You have a somewhat thin skeletal
                  | structure. (Dex +2, Stealth+) [demonic ancestry]
   314 | D:1      | Reached XP level 2. HP: 19/19 MP: 0/5
   650 | D:1      | Found a faded altar of an unknown god.
   881 | D:1      | Gained mutation: Your touch may inflict minor irresistible
                  | damage on your foes. [demonic ancestry]
   881 | D:1      | Reached XP level 3. HP: 19/24 MP: 4/6
  1583 | D:2      | Learned a level 2 spell: Searing Ray
  2070 | D:2      | Reached XP level 4. HP: 30/30 MP: 7/7
  2232 | D:3      | Found a hide-covered altar of Uskayaw.
  2313 | D:3      | Noticed Sigmund
  2320 | D:3      | Killed Sigmund
  2321 | D:3      | Gained mutation: You have a moderately thin skeletal
                  | structure. (Dex +4, Stealth++) [demonic ancestry]
  2321 | D:3      | Reached XP level 5. HP: 33/35 MP: 9/9
  2375 | D:3      | Reached skill level 5 in Conjurations
  2943 | D:3      | Reached XP level 6. HP: 41/41 MP: 11/11
  3025 | D:3      | Found a broken altar of Ashenzari.
  3187 | D:4      | Found a radiant altar of Vehumet.
  3202 | D:4      | Became a worshipper of Vehumet
  3999 | D:5      | Entered Level 5 of the Dungeon
  4077 | D:5      | Gained mutation: A meltable shield of frost defends you.
                  | (SH +4) [demonic ancestry]
  4077 | D:5      | Reached XP level 7. HP: 41/46 MP: 12/12
  4321 | D:5      | Found a sacrificial altar of Ru.
  4747 | D:5      | Reached skill level 6 in Conjurations
  5178 | D:5      | Reached XP level 8. HP: 45/52 MP: 14/14
  5296 | D:6      | Reached skill level 5 in Stealth
  5400 | D:6      | Reached skill level 1 in Fire Magic
  5422 | D:6      | Reached * piety under Vehumet
  5422 | D:6      | Offered knowledge of Foxfire by Vehumet.
  5425 | D:6      | Learned a level 1 spell: Foxfire
  5488 | D:6      | Reached skill level 5 in Spellcasting
  5541 | D:6      | Reached skill level 5 in Dodging
  5857 | D:6      | Found a staircase to the Ecumenical Temple.
  5965 | D:6      | Noticed Jeremiah
  5984 | D:6      | Killed Jeremiah
  6293 | D:6      | Upgraded the game from 0.31-a0-656-gb4d89c20fa to
                  | 0.31-a0-662-g684573625c
  6483 | D:7      | Gained mutation: A weak demonic guardian rushes to your
                  | aid. [demonic ancestry]
  6483 | D:7      | Reached XP level 9. HP: 57/57 MP: 17/17
  6602 | D:7      | Reached skill level 7 in Conjurations
  6645 | D:7      | Reached skill level 1 in Fighting
  6645 | D:7      | Reached skill level 1 in Evocations
  7119 | D:8      | Found Qaqottuc's Antique Armour Shoppe.
  7187 | D:8      | Bought a heavily runed cloak for 342 gold pieces
  7187 | D:8      | Identified the +1 cloak of the Hot Ocelot {Rampage rPois
                  | Dex+3 SInv} (You bought it in a shop on level 8 of the
                  | Dungeon)
  7225 | D:8      | Slain by a hornet

Illustrated notes

Levels and vault maps discovered:
D:1:      nagdon_arrival_double_spiral, layout_loops_ring,
          hellmonk_ecumenical_altar_blasted
D:2:      layout_loops_ring, kennysheep_generic_room_12
D:3:      layout_basic, mainiacjoe_overflow_tiny_flanked,
          general_overflow_altar, uniq_sigmund
D:4:      layout_gridville, nicolae_vehumet_radiance,
          mainiacjoe_overflow_surrounded_room
D:5:      layout_basic, mainiacjoe_overflow_paths,
          minmay_fractal_squares_gapless_5
D:6:      layout_cave_pools, minmay_temple_entry_sparse_star, uniq_jeremiah
D:7:      layout_loops_ring, nicolae_elevator_lobby_plus
D:8:      layout_rooms, demons_altar, nicolae_overflow_hidden_temple,
          serial_shops, shop, minmay_misc_feat_five, kennysheep_flooded_box

Skill      XL: |  1  2  3  4  5  6  7  8  9 |
---------------+----------------------------+-----
Dodging        | 2 3 4 5 |  5.7
Stealth        | 2 3 4 5 6 |  6.1
Spellcasting   | 3 4 5 |  5.7
Conjurations   | 5 6 7 |  7.1
Fire Magic     | 2 3 |  3.1
Fighting       | 1 |  1.5
Evocations     | 1 |  1.5

Action                     |  1- 3 |  4- 6 |  7- 9 || total
---------------------------+-------+-------+-------++-------
  Melee: Dagger            |     7 |     5 |    27 ||    39
         Unarmed           |     3 |       |       ||     3
         Hand axe          |       |     7 |     2 ||     9
         Touch             |       |       |     4 ||     4
   Cast: Magic Dart        |    85 |    78 |    22 ||   185
         Searing Ray       |       |     5 |    17 ||    22
         Foxfire           |       |       |   161 ||   161
    Use: Scroll            |       |       |     8 ||     8
   Stab: Sleeping          |     2 |     2 |     1 ||     5
 Armour: Robe              |     8 |     3 |    22 ||    33
  Dodge: Dodged            |     8 |    12 |    39 ||    59
  Block: Other             |       |       |     8 ||     8
         Orb               |       |       |     4 ||     4

Table legend: (Time is in decaauts)
 A = Elapsed time spent in this place.
 B = Non-inter-level travel time spent in this place.
 C = Inter-level travel time spent in this place.
 D = Time resting spent in this place.
 E = Time spent auto-exploring this place.
 F = Levels seen in this place.
 G = Mean time per level.
                   A        B        C        D        E       F      G
               +--------+--------+--------+--------+--------+-----+--------+
         Total |   7222 |   7082 |    140 |    254 |   5905 |   8 |  902.8 |
       Dungeon |   7222 |   7082 |    140 |    254 |   5905 |   8 |  902.8 |
               +--------+--------+--------+--------+--------+-----+--------+

Top non-repeatable levels by time:
     D:1: 1358 daAuts
     D:5: 1289 daAuts
     D:6: 1025 daAuts
     D:4: 962 daAuts
     D:3: 882 daAuts
     D:2: 794 daAuts
     D:7: 770 daAuts
     D:8: 138 daAuts
